 Dungeon Crawl Stone Soup version 0.16-a0-2702-gfff482a (webtiles) character file.

79 zhaba the Slasher (level 4, -2/29 HPs)
             Began as a High Elf Skald on Nov 25, 2014.
             Slain by a giant newt (3 damage)
             ... on level 2 of the Dungeon.
             The game lasted 00:05:54 (2008 turns).

zhaba the Slasher (High Elf Skald)                  Turns: 2008, Time: 00:05:54

Health: -2/29      AC:  3    Str: 12    XL:     4   Next: 17%
Magic:  4/11       EV: 12    Int: 15    God:
Gold:   77         SH:  0    Dex: 15    Spells: 3 memorised, 1 level left

rFire  . . .     SeeInvis .     a - +0 falchion
rCold  . . .     Clarity  .     b - +0 leather armour
rNeg   . . .     SustAb   .     (no shield)
rPois  .         Gourm    .     (no helmet)
rElec  .         Spirit   .     (no cloak)
rCorr  .         Warding  .     (no gloves)
rMut   .         Stasis   .     (no boots)
MR     .....                    (no amulet)
Stlth  ..........               (no ring)
                                e - ring of loudness (curse)

@: very slightly contaminated, not resistant to hostile enchantments, extremely
unstealthy
A: no striking features
a: no special abilities


You were on level 2 of the Dungeon.
You were not hungry.

You visited 1 branch of the dungeon, and saw 2 of its levels.

You collected 77 gold pieces.


   Skills:
 - Level 2.0 Fighting
 * Level 4.2 Long Blades
 - Level 0.8 Armour
 + Level 3.1 Dodging
 - Level 2.4 Spellcasting
 - Level 3.6 Charms


You had one spell level left.
You knew the following spells:

 Your Spells              Type           Power        Failure   Level  Hunger
a - Infusion              Chrm           ##....       6%          1    #......
b - Shroud of Golubria    Chrm/Tloc      #.........   17%         2    ###....
c - Spectral Weapon       Hex/Chrm       #.......     34%         3    ###....


Dungeon Overview and Level Annotations

Branches:
Dungeon (2/15)

Altars:

Inventory:

Hand weapons
 a - a +0 falchion (weapon)
Missiles
 g - 5 tomahawks (quivered)
Armour
 b - a +0 leather armour (worn)
Jewellery
 e - a cursed ring of loudness (left hand)
   (You found it on level 1 of the Dungeon)
Scrolls
 i - a scroll of random uselessness {unknown}
Books
 c - a book of Battle

   Spells                             Type                      Level
   *Infusion                          Charms                       1
   *Shroud of Golubria                Charms/Translocation         2
   Song of Slaying                    Charms                       2
   *Spectral Weapon                   Hexes/Charms                 3
   Regeneration                       Charms/Necromancy            3
Comestibles
 d - a bread ration
 f - a slice of pizza

#.. ...#. ... .... #.#
#..# #.# #..# #
##.###..#
#.####...##..#
#.......(....#
######..llg.##.#######
#.......@#.###.g.)...#
..##.......# #######.#
#...##.##.# #.# .## #.
#.# #.#### .. ..#
#..... .#. #.# ####.#
##. #.# #.# .. . #%# .
#.#


You could see a gnoll, a giant gecko and a giant newt.


Message History

Your shroud bends the adder's attack away.
You hit the adder.
The adder is moderately wounded.
The adder closely misses you. The adder bites you but does no damage.
You barely miss the adder.
The adder is moderately wounded.
The adder closely misses you.
You hit the adder!
The adder is severely wounded.
The adder bites you.
Your shroud falls apart!
The adder bites you but does no damage.
You closely miss the adder.
The adder is severely wounded.
The adder bites you but does no damage.
You miss the adder.
The adder is severely wounded.
The adder misses you. x2
You slash the adder!
You kill the adder!
Your Long Blades skill increases to level 4!
You have reached level 4!
You start resting.
Your magical infusion is running out.
You start resting.
You are no longer magically infusing your attacks.
You start resting.
A gnoll is nearby!
A gnoll is nearby!
The gnoll shouts!
Casting: Infusion You miscast Shroud of Golubria.
You are very lightly contaminated with residual magic.
You catch a glimpse of the back of your own head.
Casting: Shroud of Golubria
Okay, then.
Casting: Shroud of Golubria You miscast Shroud of Golubria.
The air around you crackles with energy!
Casting: Shroud of Golubria You begin infusing your attacks with magical energy.
The gnoll hits you with a whip.
You closely miss the gnoll. The gnoll hits you with a whip.
You barely miss the gnoll. The gnoll closely misses you.
You hit the gnoll.
The gnoll is heavily wounded.
The gnoll hits you with a whip. The gnoll closely misses you.
You slash the gnoll!
You kill the gnoll!
You see here a whip.
You start resting.
A gnoll is nearby!
A gnoll is nearby!
A gnoll is nearby!
The gnoll shouts!
A giant newt and a giant gecko come into view.
Your magical infusion is running out.
The giant gecko closely misses you.
The giant newt bites you but does no damage.
You closely miss the giant newt. The giant gecko misses you.
The giant newt bites you. The giant gecko barely misses you.
The giant newt barely misses you. The giant newt closely misses you.
You are no longer magically infusing your attacks.
The gnoll hits you from afar with a halberd!
* * * LOW HITPOINT WARNING * * *
The giant gecko bites you.
* * * LOW HITPOINT WARNING * * *
The giant newt bites you.
You die...

Action                   |  1- 3 |  4- 6 || total
-------------------------+-------+-------++-------
Melee: Falchion          |   127 |     5 ||   132
 Cast: Infusion          |    17 |     1 ||    18
       Shroud of Golubri |     6 |       ||     6
  Eat: Chunk             |     4 |       ||     4

Vault maps used:
D:1:      dpeg_arrival_rooms_a
D:2:      lemuel_round_altar

Notes
Turn   | Place    | Note
--------------------------------------------------------------
     0 | D:1      | zhaba, the High Elf Skald, began the quest for the Orb.
     0 | D:1      | Reached XP level 1. HP: 14/14 MP: 4/4
   269 | D:1      | Reached XP level 2. HP: 12/19 MP: 3/6
   273 | D:1      | Learned a level 2 spell: Shroud of Golubria
   316 | D:1      | Reached skill level 3 in Long Blades
   433 | D:1      | Reached skill level 2 in Dodging
   743 | D:1      | Reached XP level 3. HP: 13/24 MP: 0/8
   760 | D:1      | HP: 6/24 [poisoned by a giant mite]
   768 | D:1      | HP: 5/24 [poisoned by a giant mite]
  1115 | D:1      | Learned a level 3 spell: Spectral Weapon
  1347 | D:2      | HP: 2/24 [gnoll (7)]
  1541 | D:2      | HP: 4/24 [gnoll/halberd (14)]
  1542 | D:2      | HP: 1/24 [gnoll/halberd (3)]
  1886 | D:2      | Reached skill level 3 in Dodging
  1916 | D:2      | Reached skill level 4 in Long Blades
  1916 | D:2      | Reached XP level 4. HP: 21/29 MP: 0/11
  2008 | D:2      | HP: 6/29 [gnoll/halberd (10)]
  2008 | D:2      | HP: 1/29 [giant gecko (5)]
  2008 | D:2      | Slain by a giant newt

Vanquished Creatures
  2 gnolls (D:2)
  2 adders (D:2)
  A giant mite (D:1)
  An ooze (D:2)
  5 bats (D:1)
  2 giant cockroaches (D:1)
  8 hobgoblins
  6 kobolds (D:1)
  2 giant newts (D:1)
  2 goblins
  3 jackals (D:1)
  2 rats
36 creatures vanquished.
